woodfighter, lawful male elven Rogue --------- |.......| ----- |.......| 4 4 ...| |..._...| ---------.4-- ------ |.......| |.......|54.-- --...... | |.......| | |..QQ...|55.5---........ |. ----)---- .| |.Q@@X..+454.)5%.!....... |......$......| |...Q...|55%3---......... ---....%....--- |.......|4..-- --.......- -----|----- ---------..-- ----|---- --...%%..-- ...| |...--------.....%%%.- ----- |.......%.|......%.... -------..%--.........- |....--...%...-- ---...----+---- |.....%...... ------------- woodfighter the Thief Experience level: 30 Strength: 25 Dexterity: 19 Constitution: 16 Intelligence: 15 Wisdom: 16 Charisma: 15 Health: 196(196) Energy: 195(195) Def: 40 Gold: 0 Moves: 36368 Dungeon seed: FyGAp7EQqBejKbVG Game ID: woodfighter_1511048424 Your Inventory: Amulets C - a blessed amulet of life saving (being worn) R - a blessed rustproof amulet of flying Weapons a - the blessed rustproof +7 Valerian (weapon in hand) c - 10 +6 elven daggers (in quiver) Armor l - a blessed +4 shield of reflection (being worn) r - a blessed greased fireproof +4 cloak of protection (being worn) z - a blessed corroded +4 helm of telepathy F - a cursed rustproof -2 helm of opposite alignment (being worn) N - a blessed greased +4 gray dragon scale mail (being worn) P - a blessed +4 T-shirt (being worn) V - a blessed thoroughly burnt +4 pair of speed boots (being worn) Y - a blessed rusty +4 pair of gauntlets of power (being worn) Comestibles K - 2 blessed lembas wafers Z - a blessed lizard corpse Rings U - a blessed ring of regeneration (on left hand) X - an uncursed ring of free action (on right hand) Wands d - a wand of teleportation (0:8) g - a wand of fire (0:8) h - a blessed wand of death (0:3) E - a wand of death (0:6) G - a blessed wand of digging (0:4) Tools b - a blessed stethoscope q - a +0 unicorn horn s - a blessed bag of holding y - the blessed Master Key of Thievery J - a blessed oil lamp (lit) (0:975) W - a blessed towel Gems e - a blessed luckstone Contents of the bag of holding: an uncursed amulet of life saving an uncursed amulet of life saving an uncursed amulet of life saving an uncursed amulet of life saving 10 blessed +6 elven daggers 13 blessed K-rations a [uncursed] cockatrice corpse 12 uncursed eggs 9 blessed lembas wafers 5 blessed lizard corpses 3 uncursed sprigs of wolfsbane 5 blessed scrolls of blank paper 5 uncursed scrolls of blank paper 4 cursed scrolls of blank paper 3 blessed scrolls of gold detection 7 blessed scrolls of remove curse 4 cursed scrolls of teleportation 2 blessed scrolls of wishing 7 blessed diluted potions of full healing an uncursed potion of confusion 23 blessed potions of full healing 10 potions of holy water 2 blessed potions of oil an uncursed potion of oil 4 potions of unholy water a blessed ring of conflict a blessed wand of death (0:5) a blessed wand of death (0:4) a blessed wand of death (0:3) a wand of digging (0:7) a wand of digging (0:7) a wand of digging (0:7) a wand of digging (0:6) a blessed wand of fire (0:8) a blessed wand of teleportation (0:8) a wand of teleportation (0:7) a wand of wishing (1:0) a blessed can of grease (0:11) a fireproof magic marker (1:11) a magic marker (1:11) a blessed +0 pick-axe a blessed +0 unicorn horn a blessed +0 unicorn horn a +0 unicorn horn a +0 unicorn horn Spells and supernatural/magical abilities: Name Level Category Fail Memory v - clairvoyance 3* divination 100% 0% G - detect treasure 4* divination 100% 0% W - pray for help -- divine ? -- Your skills at the end: Miscellaneous Skills two weapon combat [Basic] shield [Skilled] wands [Skilled] stealth [Master] Weapon Skills dagger [Expert] short sword [Basic] long sword [Basic] Spellcasting Skills Final Attributes: You were fervently aligned. You were fire resistant. You were cold resistant. You were sleep resistant. You were disintegration-resistant. You were shock resistant. You were poison resistant. You were magic-protected. You saw invisible. You were telepathic. You were warned. You had automatic searching. You had infravision. You were very stealthy. You had teleport control. You regenerated. You were protected. You were very fast. You had reflection. You had free action. Your life would have been saved. You were extremely lucky. You had extra luck. Good luck did not time out for you. You survived. Vanquished creatures: Baalzebub Orcus Yeenoghu The Wizard of Yendor (thrice) Death Famine (twice) a high priest 6 ancient red dragons 5 mammoths Vlad the Impaler Medusa 18 krakens an Archon a gray dragon 11 red dragons 2 white dragons 4 black dragons 2 blue dragons a green dragon 5 storm giants 2 titans 10 deep ettins 4 glass golems a balrog 6 purple worms 14 minotaurs 2 jabberwocks The Master Assassin 4 baluchitheria an Angel a young gray dragon 52 young red dragons 9 young white dragons 6 young black dragons 4 young blue dragons a young yellow dragon 4 stone golems 15 Olog-hai 4 Nazgul 19 pit fiends 5 sandestins 2 hell hounds 7 titanotheres 8 trappers 2 baby gray dragons a baby black dragon 3 gryphons 22 guardian nagas a disenchanter 74 vampire lords 44 shades 51 skeletons 55 aligned priests 3 captains 4 water trolls 3 clay golems 12 nurses 16 ice devils 9 nalfeshnees 11 lurkers above an Aleax 2 frost giants 7 black puddings 25 vampires 42 ghosts 2 ettins 4 lieutenants an archeologist a barbarian a healer a wizard a queen bee 6 winged gargoyles 2 mind flayers 11 giant mimics 9 fire giants 2 ogre kings 2 Elvenkings 4 ice trolls 14 rock trolls 11 umber hulks 3 flesh golems 15 doppelgangers 30 hezrous 22 bone devils 5 salamanders 3 large mimics 3 wumpuses 2 fire vortices 2 long worms 9 stalkers 10 air elementals 2 fire elementals 6 earth elementals 6 water elementals 4 hill giants 7 giant mummies 3 black nagas 3 elf-lords 7 xorns 18 giant zombies 12 sergeants 27 vrocks 8 wargs 2 winter wolves 7 hell hound pups 9 quantum mechanics 14 small mimics 2 glass piercers 3 warhorses 10 steam vortices 12 xans 4 ettin mummies 2 ogre lords 45 trolls a sasquatch 5 wood golems an erinys 11 mariliths a djinni 8 sharks 11 electric eels 2 pyrolisks 3 large dogs 7 freezing spheres 9 flaming spheres 3 shocking spheres 4 large cats 6 tigers 11 gargoyles 3 dwarf kings 10 tengu 8 gelatinous cubes 14 ochre jellies 2 crocodiles 28 chameleons 11 leocrottas 12 energy vortices a giant 8 elf mummies 5 human mummies 4 red nagas 8 green slimes 5 Grey-elves 6 pit vipers 4 pythons 5 cobras 55 wraiths 15 ettin zombies 4 leather golems 34 soldiers a horned devil 10 succubi 13 incubi 24 giant beetles 18 cockatrices 7 wolves 7 winter wolf cubs 5 black lights 3 lynxes 3 panthers 5 gremlins 98 leprechauns 7 quivering blobs 6 spotted jellies 12 lizards 6 orc-captains 2 mumakil 9 giant spiders 5 scorpions 9 iron piercers 8 horses an ice vortex 10 vampire bats a forest centaur 5 gnome kings 7 orc mummies 11 dwarf mummies 2 ogres 6 brown puddings 4 Green-elves 4 rust monsters 6 owlbears 6 yetis a gold golem 12 werewolves 11 piranhas 25 giant eels 7 thugs 10 chickatrices 3 dogs a dingo 3 housecats 5 jaguars 7 dwarf lords 7 blue jellies a water nymph 4 white unicorns a gray unicorn 5 dust vortices 8 ravens 4 plains centaurs 7 Woodland-elves 12 snakes 4 apes 36 human zombies 5 rope golems 28 soldier ants 12 fire ants 20 yellow lights 11 bugbears an imp 2 baby crocodiles a wood nymph 8 Mordor orcs 5 Uruk-hai 4 orc shamans 4 rock moles 3 rock piercers 2 fog clouds 2 shriekers 8 violet fungi 20 gnome lords 4 gnomish wizards 3 kobold mummies a golden naga hatchling 2 guardian naga hatchlings 12 gray oozes a barrow wight 20 elf zombies 14 ghouls 2 straw golems 5 paper golems 10 jellyfish 51 giant ants 3 puppies 14 floating eyes 5 kittens 18 dwarves 4 homunculi 5 kobold lords 3 kobold shamans 6 iguanas 13 hill orcs 15 rothes 3 rabid rats a centipede 9 jitterbugs 3 giant bats 16 orc zombies 24 dwarf zombies 2 wererats 4 werejackals 61 killer bees 5 coyotes 7 gas spores 9 hobbits 7 acid blobs 3 large kobolds 11 geckos 10 hobgoblins 19 giant rats a cave spider 5 brown molds 8 yellow molds 3 green molds 3 red molds 57 gnomes 10 garter snakes 8 manes 16 gnome zombies 10 jackals 5 foxes 4 kobolds 13 newts 2 goblins 6 sewer rats 16 grid bugs a bat 18 lichens 21 kobold zombies 4 humans 2599 creatures vanquished. Genocided species: hobbits dwarves bugbears dwarf lords dwarf kings quantum mechanics mind flayers master mind flayers wood nymphs water nymphs mountain nymphs island nymphs liches demiliches master liches arch-liches golden nagas rust monsters disenchanters jellyfish piranhas sharks giant eels electric eels krakens 25 species genocided. Voluntary challenges: You did not cause conflict. You had been an atheist until turn 2653. You used a wielded weapon 6253 times, starting on turn 3. You did not use plumbed fixtures. You read items or engraved 136 times, starting on turn 10122. You genocided 25 types of monsters, starting on turn 11253. You never polymorphed an object. You changed form 3 times, starting on turn 14641. You completed Sokoban on turn 5436, according to the rules. You used 6 wishes, starting on turn 23698. You did not wish for any artifacts. You split 3 puddings, starting on turn 29744. You never wrote Elbereth's name. You violated your moral code, losing 9 points of alignment, starting on turn 5455. Dungeon overview: The Dungeons of Doom: levels 1 to 28 Level 1 a fountain, a sink stairs to The Elemental Planes Level 2 a fountain, a sink stairs to The Gnomish Mines Level 3 a fountain Level 4 (water) some fountains Level 5 (known vault) a fountain Level 6 many fountains Level 7 an altar to Kos, a fountain stairs to Sokoban Level 8 a sink Level 9 Level 10 a fountain, a sink Level 11 (vault) a fountain Level 12 a fountain Level 13 (big room quest) portal to The Quest Level 14 (water) a temple to Mog, a fountain Level 15 (rogue) Level 16 (Juiblex) an altar to Kos, some fountains Level 17 (water) Level 18 Level 19 Level 20 some fountains Level 21 (vault) Level 22 (medusa) Level 23 Level 24 Level 25 Level 26 Level 27 Level 28 a magic chest, many sinks, many benchs Gehennom: levels 29 to 55 Level 29 a temple to Moloch, a magic chest stairs to The Dungeons of Doom Level 30 Level 31 Level 32 (baalzebub) a magic chest Level 33 (water) Level 34 (water) Level 35 Level 36 Level 37 a fountain Level 38 Level 39 stairs to Vlad's Tower Level 40 Level 41 (yeenoghu) a magic chest Level 42 (orcus + water) some shops, an altar to Moloch, a magic chest, some fountains Level 43 (wizzard) an altar to Moloch, a magic chest Level 44 Level 45 portal to Gehennom Level 46 Level 47 Level 48 Level 49 Level 50 Level 51 Level 52 Level 53 portal to Gehennom Level 54 Level 55 The Gnomish Mines: levels 3 to 10 Level 3 stairs to The Dungeons of Doom Level 4 Level 5 many shops, a temple to Kos, a magic chest, some trees Level 6 Level 7 Level 8 Level 9 Level 10 a magic chest, some fountains The Quest: levels 1 to 5 Level 1 a magic chest portal to The Dungeons of Doom Level 2 Level 3 some fountains Level 4 Level 5 Sokoban: levels 3 to 6 Level 3 a magic chest Level 4 Level 5 Level 6 a magic chest stairs to The Dungeons of Doom Vlad's Tower: levels 36 to 38 Level 36 Level 37 an altar to Moloch Level 38 (water) stairs to Gehennom The Elemental Planes: Astral Plane <- You were here some high altars Plane 4 portal to The Elemental Planes Plane 3 portal to The Elemental Planes Plane 2 portal to The Elemental Planes Plane 1 portal to The Elemental Planes History has recorded: On T:1 you entered the Dungeons of Doom to retrieve the Amulet of Yendor! On T:109 you reached level 2 of The Dungeons of Doom. On T:563 you reached level 1 of The Gnomish Mines. On T:612 you reached level 3 of The Dungeons of Doom. On T:908 you advanced to experience level 2. On T:1035 you reached level 4 of The Dungeons of Doom. On T:1154 you advanced to experience level 3. On T:1365 you advanced to experience level 4. On T:1463 you reached level 5 of The Dungeons of Doom. On T:2170 you advanced to experience level 5. On T:2255 you reached level 6 of The Dungeons of Doom. On T:2289 you reached level 7 of The Dungeons of Doom. On T:2679 you received Valerian from Kos. On T:2686 you reached level 4 of Sokoban. On T:2713 you advanced to experience level 6. On T:2788 you opened a magic chest. On T:3173 you reached level 3 of Sokoban. On T:3522 you reached level 2 of Sokoban. On T:4450 you advanced to experience level 7. On T:4458 you reached level 1 of Sokoban. On T:5436 you advanced to experience level 8. On T:5436 you entered the Sokoban zoo. On T:6033 you reached level 2 of The Gnomish Mines. On T:6345 you reached level 3 of The Gnomish Mines. On T:6559 you entered the Minetown temple On T:7120 you reached level 4 of The Gnomish Mines. On T:7173 you reached level 5 of The Gnomish Mines. On T:7327 you advanced to experience level 9. On T:7370 you reached level 8 of The Gnomish Mines. On T:7370 you reached the bottom of the Mines. On T:7704 you reached level 6 of The Gnomish Mines. On T:7990 you reached level 7 of The Gnomish Mines. On T:8589 you prayed to Kos. On T:9692 you reached level 8 of The Dungeons of Doom. On T:9802 you reached level 9 of The Dungeons of Doom. On T:9934 you reached level 10 of The Dungeons of Doom. On T:10108 you advanced to experience level 10. On T:10327 you reached level 11 of The Dungeons of Doom. On T:10467 you reached level 12 of The Dungeons of Doom. On T:10662 you reached level 13 of The Dungeons of Doom. On T:11036 you advanced to experience level 11. On T:11214 you prayed to Kos. On T:11431 you advanced to experience level 12. On T:11507 you reached level 14 of The Dungeons of Doom. On T:12279 you reached level 15 of The Dungeons of Doom. On T:12279 you entered the Rogue tribute level. On T:12693 you reached level 16 of The Dungeons of Doom. On T:12916 you reached level 17 of The Dungeons of Doom. On T:13906 you reached level 18 of The Dungeons of Doom. On T:14169 you reached level 19 of The Dungeons of Doom. On T:14383 you reached level 20 of The Dungeons of Doom. On T:15106 you reached level 1 of The Quest. On T:16238 you reached level 21 of The Dungeons of Doom. On T:16431 you advanced to experience level 13. On T:16455 you reached level 22 of The Dungeons of Doom. On T:16844 you advanced to experience level 14. On T:17103 you prayed to Kos. On T:17168 you embarked upon an epic quest. On T:17202 you reached level 2 of The Quest. On T:17334 you reached level 3 of The Quest. On T:17986 you reached level 4 of The Quest. On T:18223 you reached level 5 of The Quest. On T:18708 you killed Master Assassin on level 5 of The Quest. On T:18718 you completed the quest! On T:19139 you killed Medusa on level 22 of The Dungeons of Doom. On T:19332 you reached level 23 of The Dungeons of Doom. On T:20438 you reached level 24 of The Dungeons of Doom. On T:20541 you reached level 25 of The Dungeons of Doom. On T:21387 you reached level 26 of The Dungeons of Doom. On T:21632 you reached level 27 of The Dungeons of Doom. On T:22174 you reached The Castle. On T:23698 you wished for "+3 blessed fixed greased gray dragon scale mail". On T:23884 you wished for "3 blessed fixed scrolls of enchant armor". On T:23963 you reached The Valley of the Dead. On T:24021 you advanced to experience level 15. On T:24456 you reached level 2 of Gehennom. On T:24696 you reached level 3 of Gehennom. On T:24775 you advanced to experience level 16. On T:24965 you reached level 4 of Gehennom. On T:25218 you killed Baalzebub on level 4 of Gehennom. On T:25249 you reached level 5 of Gehennom. On T:25856 you reached level 6 of Gehennom. On T:25963 you reached level 7 of Gehennom. On T:26066 you reached level 8 of Gehennom. On T:28634 you received a large shield from Kos. On T:28661 you received Trollsbane from Kos. On T:28702 you received Sting from Kos. On T:28754 you received a ring mail from Kos. On T:28927 you wished for "+3 blessed fixed greased cloak of protection". On T:28935 you wished for "uncursed fixed magic marker". On T:29214 you reached level 9 of Gehennom. On T:29888 you reached level 10 of Gehennom. On T:30043 you reached level 11 of Gehennom. On T:30493 you reached level 3 of Vlad's Tower. On T:30537 you reached level 12 of Gehennom. On T:30740 you reached level 2 of Vlad's Tower. On T:30800 you reached level 1 of Vlad's Tower. On T:30878 you killed Vlad the Impaler on level 1 of Vlad's Tower. On T:30901 you wished for "blessed fixed amulet of flying". On T:31046 you reached level 13 of Gehennom. On T:31513 you killed Yeenoghu on level 13 of Gehennom. On T:31747 you reached level 14 of Gehennom. On T:32036 you reached level 15 of Gehennom. On T:32044 you reached level 16 of Gehennom. On T:32380 you killed Orcus on level 14 of Gehennom. On T:32610 you reached level 26 of Gehennom. On T:32698 you reached level 25 of Gehennom. On T:32954 you reached level 17 of Gehennom. On T:33677 you reached level 24 of Gehennom. On T:33741 you reached level 23 of Gehennom. On T:33750 you reached level 22 of Gehennom. On T:33960 you reached level 21 of Gehennom. On T:34057 you reached level 20 of Gehennom. On T:34130 you reached level 19 of Gehennom. On T:34179 you reached level 18 of Gehennom. On T:34917 you advanced to experience level 17. On T:34918 you advanced to experience level 18. On T:34918 you advanced to experience level 19. On T:34919 you advanced to experience level 20. On T:34920 you advanced to experience level 21. On T:34920 you advanced to experience level 22. On T:34921 you advanced to experience level 23. On T:34922 you advanced to experience level 24. On T:34922 you advanced to experience level 25. On T:34923 you advanced to experience level 26. On T:34924 you advanced to experience level 27. On T:34924 you advanced to experience level 28. On T:34925 you advanced to experience level 29. On T:34925 you advanced to experience level 30. On T:35031 you killed Wizard of Yendor on level 15 of Gehennom. On T:35041 you performed the invocation. On T:35043 you reached level 27 of Gehennom. On T:35091 you killed high priestess of Moloch on level 27 of Gehennom. On T:35092 you gained the Amulet of Yendor! On T:35669 you killed Wizard of Yendor in The Valley of the Dead. On T:36132 you reached the Plane of Earth. On T:36133 you killed Wizard of Yendor on the Plane of Earth. On T:36145 you reached the Plane of Air. On T:36227 you reached the Plane of Fire. On T:36253 you reached the Plane of Water. On T:36287 you reached the Astral Plane. On T:36303 you killed Famine on the Astral Plane. On T:36323 you killed Famine on the Astral Plane. On T:36352 you killed Death on the Astral Plane. On T:36366 you wished for "blessed fixed helm of opposite alignment". On T:36368 you lost the Amulet of Yendor. On T:36368 you offered the Amulet of Yendor to Issek and ascended to the status of Demigod! Score breakdown: Gold: 0 ( 0 points) Experience: 30 levels ( 2000 points) Exploration: 55 levels ( 2000 points) Discoveries: 157 items ( 2000 points) Variety of kills: 282 monsters ( 2000 points) Major goal: ascended ( 5000 points) Ascension bonuses Valuables value: 900 ( 90 points) Artifacts: 2 ( 2000 points) Speed bonus: 36368 turns ( 3181 points) Conduct bonus: 4 conducts ( 6900 points) Survival: ascended (score multiplied by 10) Total score: 251710 Latest messages: The ettin swings her pick-axe at you. The ettin misses. Your sweetly-scented blade puts the ettin to sleep. (2x) f - a blessed scroll of wishing. As you read the scroll, it disappears. You may wish for an object. F - a plumed helmet. You start equipping your plumed helmet. You take off your helm of telepathy. You are now wearing a plumed helmet. The plumed helmet glows black for a moment. Your mind oscillates briefly. You offer the Amulet of Yendor to Issek... Your conscience bothers you a little less. An invisible choir sings, and you are bathed in radiance... The voice of Issek booms: "Congratulations, mortal!" "In return for thy service, I grant thee the gift of Immortality!" You ascend to the status of Demigod... Final status: Goodbye woodfighter the Demigod, ascended... You went to your reward with 251710 points, Valerian (worth 700 zorkmids) The Master Key of Thievery (worth 3500 zorkmids) 5 amulets of life saving (worth 750 zorkmids), 1 amulet of flying (worth 150 zorkmids), and 0 pieces of gold, after 36368 moves. You were level 30 with a maximum of 196 hit points when you ascended.